 Dungeon Crawl Stone Soup version 0.19.1-1-g22dce08 (webtiles) character file.

58 Dolanko the Poker (level 4, -1/42 HPs)
             Began as a Naga Fighter on Jan 7, 2017.
             Slain by Natasha (2 damage)
             ... on level 1 of the Dungeon.
             The game lasted 00:01:40 (631 turns).

Dolanko the Poker (Naga Fighter)                     Turns: 631, Time: 00:01:41

Health: -1/42      AC:  3    Str: 19    XL:     4   Next: 2%
Magic:  4/4        EV:  6    Int:  8    God:
Gold:   0          SH:  8    Dex: 11    Spells: 0 memorised, 3 levels left

rFire  . . .     SeeInvis +     a - +0 trident
rCold  . . .     Gourm    .     j - +0 leather armour (curse)
rNeg   . . .     Faith    .     c - +0 shield
rPois  +         Spirit   .     (no helmet)
rElec  .         Reflect  .     (no cloak)
rCorr  .         Harm     .     (no gloves)
MR     .....                    (no barding)
Stlth  +.........               (no amulet)
                                (no ring)
                                (no ring)

@: short of breath, very slightly contaminated, hasted and slowed, very slow
A: see invisible, deformed body, poison resistance, slowness 2, slow metabolism
1, spit poison 1, AC +1
a: Spit Poison


You were on level 1 of the Dungeon.
You were not hungry.

You visited 1 branch of the dungeon, and saw 2 of its levels.

Inventory:

Hand Weapons
 a - a +0 trident (weapon)
Armour
 b - a +0 scale mail
 c - a +0 shield (worn)
 h - a +0 chain mail
 j - a cursed +0 leather armour (worn)
Scrolls
 i - a scroll of magic mapping {unknown}
 k - a scroll of identify {unknown}
Potions
 d - 2 potions of might
 e - a potion of agility {unknown}
 g - a potion of haste
Comestibles
 f - a bread ration


   Skills:
 - Level 3.0 Fighting
 + Level 4.1 Polearms
 - Level 2.4 Armour
 - Level 2.4 Shields


You had 3 spell levels left.
You didn't know any spells.

Dungeon Overview and Level Annotations

Branches:
Dungeon (2/15)

Altars:

Annotations:
D:1 Natasha


Innate Abilities, Weirdness & Mutations

You cannot wear boots.
Your serpentine skin is tough. (AC +1)
You have supernaturally acute eyesight. (SInv)
Armour fits poorly on your strangely shaped body.
Your system is resistant to poisons. (rPois)
You cover ground very slowly.
You have a slow metabolism.
You can spit poison.


Message History

Okay, then.
Press: ? - help, Shift-Dir - straight line, f/p - Natasha
Aim: Natasha (severely wounded)
The splash of poison misses Natasha.
You feel slightly more hungry. You block the crimson imp's attack.
Natasha claws you!
* * * LOW HITPOINT WARNING * * *
It was a potion of haste.
You feel yourself speed up. The crimson imp hits you.
* * * LOW HITPOINT WARNING * * *
You block Natasha's attack. The crimson imp hits you.
* * * LOW HITPOINT WARNING * * *
Natasha claws you but does no damage.
You are very lightly contaminated with residual magic.
Okay, then.
You barely miss Natasha.
Natasha is severely wounded.
The crimson imp blinks!
Natasha barely misses you.
You barely miss Natasha.
Natasha is severely wounded.
Natasha claws you.
You die...

#.)###..........#.....#.........#
....>.......##......#...........#
#...##......##..........##....##.
#....#......##...).....######..#.
#.#..###(.#####..5.....# ##...
#.#..###.######(.......## ###.
#.##..........(.........### #.
...#.##...###(.>§.........## #.
......#..## #...@h.........# #.
.........####...........#..# ##
..#.#...........†.......#..###
.........#........#...#......####
......##.#.###...########.†#.....
...#..........##..### #...####)
......##............## #...÷.##.
...#####......###....#####.......
...# #.......###....#....####..


You could see Natasha and a crimson imp.

Vanquished Creatures
  Natasha (D:1)
  2 oozes (D:1)
  2 leopard geckos (D:1)
  A giant cockroach (D:1)
  2 goblins
  2 hobgoblins (D:1)
  7 bats (D:1)
  A frilled lizard (D:1)
  4 kobolds (D:1)
  A rat (D:1)
23 creatures vanquished.

Notes
Turn   | Place    | Note
-------+----------+-------------------------------------------
     0 | D:1      | Dolanko the Naga Fighter began the quest for the Orb.
     0 | D:1      | Reached XP level 1. HP: 21/21 MP: 1/1
   171 | D:1      | Reached XP level 2. HP: 28/28 MP: 2/2
   180 | D:1      | Reached skill level 3 in Polearms
   322 | D:1      | Reached XP level 3. HP: 33/34 MP: 3/3
   598 | D:2      | Noticed Natasha
   605 | D:1      | Killed Natasha
   605 | D:1      | Reached skill level 4 in Polearms
   605 | D:1      | Reached XP level 4. HP: 19/42 MP: 4/4
   615 | D:1      | Noticed Natasha
   629 | D:1      | HP: 1/42 [crimson imp[Natasha] (3)]
   631 | D:1      | Slain by Natasha

Skill      XL: |  1  2  3 |
---------------+----------+-----
Polearms       | 3 4 |  4.1
Fighting       | |  3.0
Armour         | |  2.4
Shields        | |  2.4

Action                   |  1- 3 |  4- 6 || total
-------------------------+-------+-------++-------
Melee: Trident           |    82 |    15 ||    97
 Abil: Spit Poison       |     5 |     2 ||     7
  Use: Potion            |       |     1 ||     1
Armor: Scale mail        |    28 |       ||    28
       Leather armour    |     6 |     4 ||    10
Dodge: Dodged            |    18 |     1 ||    19
Block: Shield            |    39 |    11 ||    50
